Map: Neon Violet Square LE

Players

Veterano

  • Race: Terran Terran
  • League: Platinum
  • Spawn Location: 5:00

StraightDraw - Winner!

  • Race: Zerg Zerg
  • League: Silver
  • Spawn Location: 11:00

VOD

Have the link to the VOD?

Description

Time

  • Played on: March 1, 2025, 10:33 a.m.
  • Length: 11:06
Show
View Real Time Build Order
Export as new Build Order

Veterano Terran 

Build Orders:  

Get SALT Encoding   

  12  0:05  SCV  
  13  0:17  SCV  
  13  0:20  Supply Depot  
  14  0:29  SCV  
  14  0:31  Refinery  
  15  0:42  SCV  
  16  0:44  Refinery  
  16  0:54  SCV  
  17  1:02  Barracks  
  17  1:06  SCV  
  19  1:18  SCV  
  19  1:20  Supply Depot  
  19  1:31  SCV  
  20  1:43  SCV  
  21  1:51  Marine  
  21  1:52  Factory  
  22  1:55  SCV  
  23  2:07  SCV  
  24  2:17  Marine  
  24  2:19  SCV  
  26  2:38  Factory Tech Lab, Supply Depot  
  26  2:41  Marine  
  27  2:46  Orbital Command  
  27  2:53  Starport  
  27  2:58  Siege Tank  
  27  3:04  Supply Depot  
  30  3:48  Fusion Core  
  30  3:50  Starport Tech Lab  
  30  4:01  Command Center  
  30  4:12  Engineering Bay  
  30  4:13  SCV  
  31  4:31  Starport  
  31  4:44  Fusion Core  
  30  4:53  Bunker, Siege Tank  
  30  4:54  Marine  
  34  5:11  Starport Tech Lab  
  34  5:12  Marine  
  35  5:18  Barracks  
  35  5:30  Marine  
  35  5:34  Supply Depot  
  35  5:48  Marine  
  36  5:51  Siege Tank  
  39  5:58  Bunker  
  39  6:04  Battlecruiser  
  46  6:11  Barracks Reactor  
  46  6:16  Barracks Tech Lab  
  45  6:33  Missile Turret  
  45  6:50  Siege Tank  
  48  6:55  Combat Shield, Starport Reactor  
  48  6:58  Marine x2, Marauder  
  52  7:07  Missile Turret, Orbital Command  
  52  7:12  SCV  
  53  7:16  Marine x2  
  53  7:19  Marauder  
  57  7:22  Siege Tank  
  57  7:24  SCV  
  61  7:32  Viking x2  
  61  7:36  SCV  
  66  7:48  SCV  
  67  7:52  Bunker  
  67  8:00  SCV  
  68  8:17  Refinery  
  64  8:21  Refinery  
  64  8:24  Missile Turret  
  64  8:25  Missile Turret  
  64  8:27  Missile Turret x2  
  64  8:38  Missile Turret  
  64  8:44  Hi-Sec Auto Tracking, Missile Turret  
  64  8:46  Missile Turret  
  64  8:53  Missile Turret  
  64  8:55  Missile Turret  
  64  9:02  SCV x2  
  66  9:03  Missile Turret  
  66  9:13  Stimpack  
  66  9:14  SCV x2  
  68  9:27  SCV x2  
  70  9:35  Barracks  
  70  9:38  Barracks  
  70  9:40  SCV x2  
  70  9:41  Raven  
  68  9:49  Supply Depot  
  68  9:52  SCV x2  
  70  10:16  Medivac  
Show
View Real Time Build Order
Export as new Build Order

StraightDraw Zerg - Winner!

Build Orders: Hatch First 

Get SALT Encoding   

  12  0:04  Drone  
  13  0:22  Drone  
  13  0:26  Overlord  
  14  0:50  Drone x3  
  17  1:04  Drone  
  18  1:09  Hatchery  
  17  1:14  Drone  
  18  1:27  Spawning Pool  
  17  1:33  Extractor  
  17  1:34  Drone  
  17  1:39  Drone  
  18  1:48  Drone  
  19  2:05  Drone  
  20  2:09  Drone  
  21  2:16  Drone  
  22  2:23  Queen  
  22  2:25  Queen  
  26  2:33  Metabolic Boost  
  26  2:37  Extractor, Drone x2  
  26  2:39  Drone  
  28  2:52  Overlord  
  28  2:53  Overlord  
  28  3:00  Overlord  
  28  3:17  Zergling x6  
  28  3:18  Zergling x4  
  33  3:32  Zergling x4  
  35  3:47  Extractor, Drone x4  
  38  3:52  Drone x2  
  40  3:59  Zergling x2  
  41  4:04  Lair  
  41  4:08  Drone  
  42  4:16  Extractor  
  41  4:17  Drone  
  41  4:18  Drone x7  
  49  4:25  Zergling x2  
  50  4:52  Drone x2  
  52  4:57  Overlord x4  
  52  4:58  Overlord x2  
  52  5:15  Spire  
  51  5:35  Spire  
  51  5:36  Drone x4  
  51  5:37  Drone  
  55  5:48  Overlord  
  55  5:51  Overlord  
  55  5:54  Overlord  
  55  6:03  Drone x2  
  55  6:04  Drone x6  
  59  6:05  Drone  
  64  6:33  Hydralisk Den  
  64  6:34  Evolution Chamber  
  64  6:36  Evolution Chamber  
  64  6:37  Infestation Pit, Drone x3  
  63  6:44  Hatchery  
  62  6:48  Extractor  
  62  6:51  Extractor  
  60  6:55  Mutalisk x6  
  60  6:56  Mutalisk  
  74  7:02  Zerg Flyer Weapons Level 1  
  74  7:05  Grooved Spines  
  74  7:08  Zerg Missile Weapons Level 1, Zerg Ground Armor Level 1  
  74  7:12  Mutalisk  
  74  7:14  Mutalisk  
  78  7:26  Hydralisk x3  
  78  7:28  Zergling x2  
  78  7:29  Zergling x4  
  87  7:42  Zerg Flyer Armor Level 1  
  87  7:52  Drone x5  
  87  7:55  Muscular Augments  
  92  7:58  Queen  
  92  8:01  Drone  
  92  8:02  Drone x2  
  97  8:09  Overlord  
  97  8:22  Mutalisk x4  
  97  8:23  Mutalisk x2  
  109  8:46  Overlord x5  
  109  8:52  Hydralisk  
  109  8:53  Hydralisk x3  
  117  9:02  Zerg Melee Weapons Level 1  
  117  9:11  Drone x2  
  117  9:12  Drone  
  111  9:44  Hive  
  109  9:46  Hydralisk x3  
  109  9:47  Hydralisk x7  
  109  9:50  Zergling x12  
  135  10:01  Queen  
  135  10:04  Drone x2  
  139  10:08  Mutalisk x3  
  145  10:15  Hydralisk  
  145  10:16  Hydralisk x2  
  145  10:17  Zergling x4  
  145  10:18  Zergling x4  
  145  10:20  Hydralisk  
Tags
 
Add a new tag
Caveats
  • Supply blocks, unpowered buildings, or Contaminate may cause inaccurate times.
  • Supply counts are checked every 10 seconds.